 Dungeon Crawl Stone Soup version 0.29.1-13-g9f3cf754e1 (webtiles) character file.

Game seed: 484472465968189590

81670 DemonSlayer the Covert (level 15, -7/106 HPs)
             Began as a Demonspawn Earth Elementalist on Jan 19, 2023.
             Was a Follower of Yredelemnul.
             Killed by divine providence
             ... invoked by an orc priest
              (13 damage)
             ... on level 2 of the Orcish Mines.
             The game lasted 01:29:41 (26927 turns).

DemonSlayer the Covert (DsEE)                      Turns: 26927, Time: 01:29:42

Health: -7/106     AC: 12    Str: 14      XL:     15   Next: 27%
Magic:  3/31       EV: 13    Int: 21 (24) God:    Yredelemnul [*.....]
Gold:   1359       SH:  4    Dex: 13      Spells: 3/39 levels left

rFire   + + .      SeeInvis .   z - +5 eveningstar of Obsession {vorpal, rF+ Str+5}
rCold   + . .      Faith    .   O - +0 buckler
rNeg    . . .      Spirit   .   T - +3 leather armour {rC+ rF+}
rPois   +          Reflect  .   S - +1 hat
rElec   .          Harm     .   n - +2 cloak {rPois}
rCorr   .          Rampage  .   (gloves unavailable)
Will    +....                   k - +1 pair of boots
Stlth   +++++.....              Q - amulet of regeneration
HPRegen 1.07/turn               h - ring of the Tortoise {AC+8}
MPRegen 0.22/turn               A - +4 ring of slaying

@: spiked, corroded, on berserk cooldown, slowed, very slow
A: claws 3, icy blue scales 2, powered by death 2, demonic magic 2
a: Renounce Religion, Recall Undead Harvest


You were on level 2 of the Orcish Mines.
You worshipped Yredelemnul.
Yredelemnul was noncommittal.
You visited 4 branches of the dungeon, and saw 20 of its levels.
You also visited: Ice Cave and Volcano.

You collected 2127 gold pieces.
You spent 768 gold pieces at shops.

Inventory:

Hand Weapons
 p - the +4 sling of Ascent {venom, Int+2}
   (You found it on level 5 of the Lair of Beasts)

   Any ammunition fired from it poisons the flesh of those it strikes.
   Int:       It affects your intelligence (+2).
 z - the +5 eveningstar of Obsession (weapon) {vorpal, rF+ Str+5}
   (You bought it in a shop on level 2 of the Orcish Mines)

   It inflicts extra damage upon your enemies.
   Str:       It affects your strength (+5).
   rF:        It protects you from fire.
 N - a +5 dagger of freezing
 U - the +11 scimitar of Frustration {vorpal, Dex+7}
   (You found it in an ice cave)

   It inflicts extra damage upon your enemies.
   Dex:       It affects your dexterity (+7).
Missiles
 b - 6 curare-tipped darts
 L - a throwing net
 R - 2 boomerangs of dispersal
Armour
 k - a +1 pair of boots (worn)
 n - a +2 cloak of poison resistance (worn)
 J - a +0 leather armour of poison resistance
 O - a +0 buckler (worn)
 S - a +1 hat (worn)
 T - a +3 leather armour of resistance (worn)
Jewellery
 e - a ring of protection from fire
 h - the ring of the Tortoise (left claw) {AC+8}
   (You found it on level 10 of the Dungeon)

   [ring of protection]

   AC:        It affects your AC (+8).
 m - a ring of fire
 o - a ring of magical power
 A - a +4 ring of slaying (right claw)
 Q - an amulet of regeneration (around neck)
 W - a ring of flight
 X - a +4 ring of evasion
Wands
 y - a wand of polymorph (14)
 B - a wand of digging (5)
 D - a wand of mindburst (23)
 G - a wand of flame (21)
 I - a wand of charming (11)
 P - a wand of quicksilver (7)
 V - a wand of iceblast (4)
Scrolls
 c - 2 scrolls of amnesia
 q - a scroll of identify
 r - 6 scrolls of immolation
 u - 3 scrolls of torment
 x - 4 scrolls of magic mapping
 E - 7 scrolls of teleportation
 H - a scroll of butterflies
 K - a scroll of fear
 Z - a scroll of poison
Potions
 a - 3 potions of lignification
 d - a potion of brilliance
 f - a potion of berserk rage
 g - 4 potions of cancellation
 i - a potion of invisibility
 j - 4 potions of might
 l - 4 potions of haste
 s - 2 potions of mutation
 t - 3 potions of magic
 v - 5 potions of curing
 w - 3 potions of attraction
 C - 3 potions of heal wounds
 F - 4 potions of flight
Miscellaneous
 M - a condenser vane


   Skills:
 + Level 6.4 Fighting
 + Level 5.1(5.4) Short Blades
 + Level 2.0(3.9) Long Blades
 + Level 5.2(5.3) Axes
 + Level 0.7(3.3) Maces & Flails
 + Level 1.5 Ranged Weapons
 + Level 4.9 Armour
 + Level 6.2 Dodging
 + Level 13.1 Stealth
 + Level 1.4 Shields
 + Level 12.8 Spellcasting
 + Level 8.3 Conjurations
 + Level 0.8 Transmutations
 + Level 11.9 Earth Magic
 + Level 0.2 Evocations


You had 3 spell levels left.
You knew the following spells:

 Your Spells              Type           Power      Damage    Failure   Level
a - Summon Guardian Gole  Hex/Summ       13%        N/A       24%         3
b - Passwall              Tmut/Erth      33%        N/A       1%          2
c - Stone Arrow           Conj/Erth      100%       3d13      1%          3
d - Petrify               Tmut/Erth      40%        N/A       6%          4
e - Summon Horrible Thin  Summ           6%         N/A       100%        8
f - Tukima's Dance        Hex            13%        N/A       24%         3
g - Vampiric Draining     Necr           13%        2d6       24%         3
h - Iron Shot             Conj/Erth      27%        9d6       19%         6
i - Animate Armour        Summ/Erth      76%        N/A       7%          4

Your spell library contained the following spells:

 Spells                   Type           Power      Damage    Failure   Level
 Sandblast                Erth           100%       2d20      1%          1
 Apportation              Tloc           26%        N/A       9%          1
 Necrotise                Necr           52%        1d6       9%          1
 Slow                     Hex            52%        N/A       9%          1
 Summon Small Mammal      Summ           52%        N/A       9%          1
 Call Imp                 Summ           13%        N/A       12%         2
 Poisonous Vapours        Pois/Air       26%        N/A       12%         2
 Scorch                   Fire           26%        2d6       12%         2
 Sublimation of Blood     Necr           13%        N/A       12%         2
 Call Canine Familiar     Summ           13%        N/A       24%         3
 Confusing Touch          Hex            13%        N/A       24%         3
 Ozocubu's Armour         Ice            13%        N/A       24%         3
 Flame Wave               Conj/Fire      31%        2d9       14%         4
 Irradiate                Conj/Tmut      16%        3d17      34%         5
 Olgreb's Toxic Radiance  Pois           13%        N/A       63%         4
 Passage of Golubria      Tloc           13%        N/A       63%         4
 Blade Hands              Tmut           8%         N/A       85%         5
 Yara's Violent Unravell  Hex/Tmut       7%         3d5       88%         5
 Summon Cactus Giant      Summ           6%         N/A       100%        6
 Malign Gateway           Summ/Tloc      6%         N/A       100%        7
 Ozocubu's Refrigeration  Ice            6%         4d8       100%        7
 Ignition                 Fire           6%         3d4       100%        8


Dungeon Overview and Level Annotations

Branches:
Dungeon (12/15)            Temple (1/1) D:5            Lair (5/5) D:10
 Shoals (0/4) Lair:3       Spider (0/4) Lair:2        Slime (0/5) Lair:5
    Orc (2/2) D:12          IceCv (visited)         Volcano (visited)
    Elf: Orc:2

Altars:
Ashenzari
Cheibriados
Dithmenos
Fedhas
Gozag
Hepliaklqana
Kikubaaqudgha
Makhleb
Nemelex Xobeh
Okawaru
Qazlal
Ru
Sif Muna
Trog
Uskayaw
Vehumet
Wu Jian
Xom
Yredelemnul

Shops:
D:2 [   D:10 =   D:11 =   Orc:2 ?(


Innate Abilities, Weirdness & Mutations

You have claws for hands.
You are mostly covered in icy blue scales. (AC +3)
You regenerate health from kills.
Spells you cast may paralyse nearby enemies.


Message History

The hellwing hits your orc high priest zombie!
Your orc high priest zombie is destroyed!
The neqoxec gestures at you.
You feel dopey. Something feeds on your intellect!
Your orc priest zombie hits the orc high priest but does no damage.
You can no longer trade souls for undead servants.
Unknown command.
Unknown command.
Unknown command.
The barbed spikes dig painfully into your body as you move.
* * * LOW HITPOINT WARNING * * *
The orc high priest prays.
The orc high priest invokes the aid of Beogh against your orc priest zombie.
Your orc priest zombie is smitten.
The orc priest mumbles some strange prayers to Beogh against you.
Beogh smites you!
* * * LOW HITPOINT WARNING * * *
The orc priest hits your orc priest zombie with a +0 club.
Unknown command.
Unknown command.
Unknown command.
You are too berserk!
The barbed spikes dig painfully into your body as you move.
* * * LOW HITPOINT WARNING * * *
You feel a strong urge to attack something.
You are no longer berserk.
You are exhausted.
You feel yourself slow down. The neqoxec gestures at you.
Something tries to feed on your intellect!
The orc high priest completely misses your orc priest zombie.
The orc priest casts a cantrip, but nothing happens.
The orc priest barely misses your orc priest zombie.
The orc high priest hits your orc priest zombie with a +0 battleaxe!
Your orc priest zombie is destroyed!
The orc priest mumbles some strange prayers to Beogh against you.
Beogh smites you!
You die...
Your body rises from the dead as a mindless zombie.

.. ... ... ...... #. #.# #.#
#..### #.. #.# #.# #..#..
#.3###.###.#######..#.Z
#..4.o..))..........#ZZ
'##o4oo4).Z..###.###..##Z
.....4o8.4.8..# #.# #.Z.ZZ
#'##.ooZ).))..# #.# #.###Z
#.o###@###.# #.# #.#.ZZ
#..#.....#...... ..#)))
#..#.....#.###.###.#...
#..#.._..#.# #.# #.#...
######..#######.###.###.####
...........................
...........................
#...............#........
#.............#.........


You could see 2 orc high priests, a hellwing (summoned), a rust devil (summoned,
ally target), a neqoxec (summoned), 2 chaos spawn, a red devil (summoned), 4 orc
priests, an orc and 2 friendly orc priest zombies.

Vanquished Creatures
  A red draconian (Volcano)
  4 hydras
  2 ironbound frosthearts (IceCv)
  Erolcha (D:10)
  A boulder beetle (Lair:5)
  A catoblepas (Lair:2)
  The ghost of Smersh616 the Slicer, a journeyman OpDe of Fedhas (D:11)
  2 centaur warriors
  A two-headed ogre (D:10)
  6 death yaks
  3 orc high priests (Orc:2)
  Sonja (D:11)
  3 skeletal warriors (D:12)
  A fire crab (Lair:5)
  3 orc knights
  2 ugly things
  11 elephants
  5 black mambas
  An ice statue (IceCv)
  Joseph (D:7)
  A torpor snail (Lair:5)
  2 molten gargoyles (Volcano)
  A gargoyle (D:11)
  3 cane toads
  7 komodo dragons
  A rime drake (Lair:4)
  2 kobold demonologists
  Psyche (D:12)
  A hornet (D:9)
  5 trolls
  16 polar bears
  12 blink frogs
  9 slime creatures
  3 dream sheep (Lair:4)
  A jumping spider (Lair:2)
  A vampire (D:11)
  A culicivora (Lair:2)
  2 shadows (D:12)
  62 yaks
  6 wyverns
  The ghost of middlethird the Cudgeller, an amateur MeFi (D:4)
  4 steam dragons
  A basilisk (Lair:3)
  7 fire bats
  4 redbacks (Lair:2)
  2 wargs (Orc:2)
  8 water moccasins
  An acid dragon (D:12)
  Duvessa (D:5)
  10 orc warriors
  A swamp drake (Lair:4)
  A sky beast (D:8)
  4 black bears
  2 ogres
  16 wolves
  12 centaurs
  A phantom (D:6)
  3 kobold brigands
  2 gnoll sergeants
  5 bullfrogs
  A necrophage (D:6)
  3 scorpions
  10 wights
  Dowan (D:5)
  4 killer bees (D:9)
  9 electric eels
  2 howler monkeys (D:10)
  6 lava snakes (Volcano)
  26 orc priests
  A water moccasin simulacrum (D:4)
  3 hounds
  6 jellies
  Crazy Yiuf (D:6)
  An iguana (D:7)
  13 orc wizards
  Natasha (thrice) (D:3)
  10 gnolls
  11 adders
  2 river rats (Lair:5)
  A hound simulacrum (D:4)
  A shadow imp (D:5)
  3 white imps
  An ufetubus (D:6)
  2 worms
  An adder simulacrum (D:4)
  93 orcs
  3 bats
  5 endoplasms
  4 giant cockroaches
  8 goblins
  13 hobgoblins
  2 jackals (D:4)
  27 kobolds
  3 quokkas
  5 ball pythons
  A frilled lizard (D:1)
  3 rats (D:2)
563 creatures vanquished.

Vanquished Creatures (collateral kills)
  A hydra (Lair:5)
  A catoblepas (Lair:5)
  2 two-headed ogres
  A deep troll shaman (Lair:5)
  A tengu warrior (D:10)
  3 death yaks (Lair:5)
  2 skeletal warriors (D:12)
  A swamp dragon (D:10)
  An orc knight (Orc:2)
  An orc sorcerer (Orc:2)
  3 elephants
  2 black mambas (Lair:5)
  5 cane toads (Lair:5)
  A yaktaur (Volcano)
  A komodo dragon (Lair:3)
  2 kobold demonologists (D:10)
  3 polar bears (IceCv)
  2 slime creatures
  Prince Ribbit (D:9)
  4 dream sheep (Lair:4)
  9 blink frogs
  A jumping spider (Lair:2)
  A culicivora (Lair:2)
  A vampire (D:10)
  18 yaks
  2 fire bats
  3 basilisks
  A redback (Lair:2)
  4 water moccasins
  4 orc warriors (D:10)
  A black bear (Lair:2)
  8 wolves
  3 bullfrogs
  A scorpion (D:7)
  2 killer bees (D:9)
  A howler monkey (D:10)
  3 electric eels (D:9)
  A lava snake (Volcano)
  A jelly (Lair:5)
  2 orc priests
  2 hell rats (Lair:5)
  7 river rats (Lair:5)
  12 orcs
  2 kobolds (D:10)
  A rat (Lair:5)
  A bush (Lair:3)
  A butterfly (Lair:3)
131 creatures vanquished.

Vanquished Creatures (others)
  4 death yak zombies
  2 hydra zombies (Lair:5)
  A black mamba zombie (Lair:3)
  A yak (Lair:4)
  2 slime creature zombies
  A two-headed ogre zombie (D:10)
  2 fire bat zombies (Volcano)
  3 cane toad zombies (Lair:5)
  A hornet zombie (D:9)
  7 blink frog zombies (Lair:5)
  4 elephant zombies
  A swamp drake (Lair:4)
  A komodo dragon zombie (Lair:2)
  A yaktaur zombie (Volcano)
  3 wyvern zombies
  A water moccasin zombie (Lair:5)
  8 polar bear zombies (IceCv)
  A warg zombie (Orc:2)
  17 yak zombies
  9 wolf zombies
  A bullfrog zombie (D:9)
  A basilisk zombie (Lair:2)
  5 centaur zombies
  An ogre zombie (D:10)
  A scorpion zombie (D:7)
  4 killer bee zombies (D:9)
  2 hell rat zombies (Lair:5)
  A howler monkey zombie (D:10)
  A spectral electric eel (D:9)
  A steam dragon zombie (D:10)
  A lava snake zombie (Volcano)
  2 spectral white imps
  A gnoll zombie (D:7)
  12 kobold zombies
  52 orc zombies
  A rat zombie (Lair:5)
  6 river rat zombies (Lair:5)
  2 bushes (Lair:5)
  85 fungi
  115 plants
365 creatures vanquished.

Grand Total: 1059 creatures vanquished

Notes
Turn   | Place    | Note
-------+----------+-------------------------------------------
     0 | D:1      | DemonSlayer the Demonspawn Earth Elementalist began the
                  | quest for the Orb.
     0 | D:1      | Reached XP level 1. HP: 13/13 MP: 3/3
    44 | D:1      | Found a faded altar of an unknown god.
   141 | D:1      | Gained mutation: You have sharp fingernails. [demonic
                  | ancestry]
   141 | D:1      | Reached XP level 2. HP: 11/19 MP: 1/5
   144 | D:1      | Learned a level 2 spell: Passwall
   941 | D:2      | Gained mutation: You are partially covered in icy blue
                  | scales. (AC +2) [demonic ancestry]
   941 | D:2      | Reached XP level 3. HP: 24/24 MP: 6/6
   948 | D:2      | Reached skill level 1 in Fighting
  1163 | D:2      | Gained mutation: Spells you cast may paralyse adjacent
                  | enemies. [demonic ancestry]
  1163 | D:2      | Reached XP level 4. HP: 23/32 MP: 2/7
  1470 | D:2      | Reached skill level 2 in Stealth
  1735 | D:2      | Found Agerr's Antique Armour Boutique.
  1805 | D:2      | Learned a level 3 spell: Stone Arrow
  1864 | D:3      | Noticed Natasha
  1869 | D:3      | Killed Natasha
  1870 | D:3      | Reached skill level 1 in Axes
  1924 | D:3      | Noticed Natasha
  1931 | D:3      | Killed Natasha
  1932 | D:3      | Reached XP level 5. HP: 22/37 MP: 4/9
  2256 | D:3      | Noticed Natasha
  2665 | D:3      | Killed Natasha
  2678 | D:3      | Gained mutation: You have very sharp fingernails. [demonic
                  | ancestry]
  2678 | D:3      | Reached XP level 6. HP: 38/43 MP: 11/11
  2746 | D:3      | Found a hide-covered altar of Uskayaw.
  3241 | D:3      | You fall into a shaft and drop 3 floors!
  3263 | D:6      | Found a runed translucent door.
  3264 | D:6      | Noticed Crazy Yiuf
  3296 | D:6      | Reached skill level 3 in Stealth
  3565 | D:6      | Reached skill level 1 in Short Blades
  3672 | D:5      | Entered Level 5 of the Dungeon
  3704 | D:5      | Reached XP level 7. HP: 48/48 MP: 13/13
  3741 | D:5      | Noticed Dowan
  3743 | D:5      | Noticed Duvessa
  3765 | D:5      | Killed Duvessa
  3766 | D:5      | Killed Dowan
  3925 | D:5      | Found a staircase to the Ecumenical Temple.
  3950 | D:5      | Reached skill level 4 in Stealth
  3950 | D:5      | Reached skill level 5 in Earth Magic
  4007 | D:5      | Reached skill level 5 in Spellcasting
  4038 | Temple   | Entered the Ecumenical Temple
  5003 | D:4      | Found a runed translucent gate.
  5003 | D:4      | Found a runed translucent gate.
  5005 | D:4      | Found a runed translucent gate.
  5128 | D:4      | Gained mutation: You are mostly covered in icy blue scales.
                  | (AC +3) [demonic ancestry]
  5128 | D:4      | Reached XP level 8. HP: 54/54 MP: 15/15
  5151 | D:4      | Noticed middlethird's ghost (amateur MeFi)
  5371 | D:4      | Identified the +2 scale mail "Heip" {rPois Will++ Int-3}
  6285 | D:6      | Found a sacrificial altar of Ru.
  6286 | D:6      | Found a radiant altar of Vehumet.
  6287 | D:6      | Found an opulent altar of Gozag.
  6288 | D:6      | Found a hazy altar of Hepliaklqana.
  6594 | D:6      | Killed Crazy Yiuf
  6604 | D:6      | Learned a level 4 spell: Petrify
  6613 | D:6      | Learned a level 8 spell: Summon Horrible Things
  6737 | D:7      | Reached skill level 1 in Armour
  6817 | D:7      | Noticed Joseph
  6825 | D:7      | Killed Joseph
  6826 | D:7      | Reached skill level 5 in Stealth
  6916 | D:7      | Reached XP level 9. HP: 62/62 MP: 19/19
  7270 | Temple   | Became a worshipper of Yredelemnul the Dark
  7479 | D:7      | Reached * piety under Yredelemnul
  7606 | D:7      | Reached ** piety under Yredelemnul
  7674 | D:7      | Noticed a two-headed ogre
  7686 | D:7      | Killed a two-headed ogre
  7734 | D:7      | Found a shadowy altar of Dithmenos.
  8139 | D:7      | Found an ornate altar of the Wu Jian Council.
  9196 | D:9      | Gained mutation: Spells you cast may paralyse nearby
                  | enemies. [demonic ancestry]
  9196 | D:9      | Reached XP level 10. HP: 47/70 MP: 22/22
  9199 | D:9      | Reached *** piety under Yredelemnul
  9506 | D:9      | Reached skill level 6 in Stealth
  9507 | D:9      | Noticed Prince Ribbit
  9519 | D:9      | Killed Prince Ribbit
  9605 | D:9      | Reached **** piety under Yredelemnul
  9607 | D:9      | Reached ***** piety under Yredelemnul
 10655 | D:9      | Learned a level 3 spell: Tukima's Dance
 10659 | D:9      | Learned a level 3 spell: Vampiric Draining
 11697 | D:10     | Entered Level 10 of the Dungeon
 11697 | D:10     | Noticed a two-headed ogre
 11702 | D:10     | Killed a two-headed ogre
 11804 | D:10     | Noticed Erolcha
 11810 | D:10     | Killed Erolcha
 11851 | D:10     | Noticed a two-headed ogre
 11861 | D:10     | Reached skill level 7 in Stealth
 11865 | D:10     | Your ally Erolcha died
 11870 | D:10     | Killed a two-headed ogre
 11871 | D:10     | Reached skill level 1 in Conjurations
 11871 | D:10     | Reached XP level 11. HP: 50/75 MP: 17/24
 12010 | D:10     | Noticed a centaur warrior
 12214 | D:10     | Killed a centaur warrior
 12595 | D:10     | Found a snail-covered altar of Cheibriados.
 12748 | D:10     | Found a staircase to the Lair.
 12816 | D:10     | Found Yzo Ziofi's Jewellery Shoppe.
 12880 | D:10     | Noticed a tengu warrior
 12881 | D:10     | Noticed an orc knight
 12888 | D:10     | Killed a tengu warrior
 12889 | D:10     | Reached skill level 8 in Stealth
 12895 | D:10     | Killed an orc knight
 13108 | D:10     | Noticed a swamp dragon
 13116 | D:10     | Killed a swamp dragon
 13127 | D:10     | Reached skill level 5 in Axes
 13443 | D:10     | Got Easy Magic
 13594 | D:10     | Found the ring of the Tortoise {AC+8}
 13710 | D:10     | Noticed an orc knight
 13722 | D:10     | Killed an orc knight
 14219 | Lair:1   | Entered Level 1 of the Lair of Beasts
 14887 | Lair:1   | Learned a level 3 spell: Summon Guardian Golem
 14955 | Lair:2   | Noticed a catoblepas
 14966 | Lair:2   | Killed a catoblepas
 14967 | Lair:2   | Reached skill level 9 in Stealth
 14967 | Lair:2   | Reached skill level 10 in Spellcasting
 14967 | Lair:2   | Gained mutation: You have claws for hands. [demonic
                  | ancestry]
 14967 | Lair:2   | Reached XP level 12. HP: 56/85 MP: 11/26
 15558 | Lair:2   | Found a hole to the Spider Nest.
 15591 | Lair:2   | Reached skill level 5 in Fighting
 15870 | Lair:2   | Identified the +0 helmet "Qiroamn" {rN+++ Str-3 Int+4}
 15958 | Lair:2   | Reached ****** piety under Yredelemnul
 16230 | Lair:3   | Found a staircase to the Shoals.
 16288 | Lair:3   | Found a dark tunnel.
 16295 | Lair:3   | Reached skill level 10 in Stealth
 16317 | Volcano  | Entered a volcano
 16754 | Volcano  | Found a burning altar of Makhleb.
 16754 | Volcano  | Noticed a centaur warrior
 16765 | Volcano  | Killed a centaur warrior
 16924 | Volcano  | Noticed a red draconian
 16937 | Volcano  | Killed a red draconian
 17071 | Volcano  | Learned a level 6 spell: Iron Shot
 17117 | Lair:3   | Reached skill level 10 in Earth Magic
 17295 | Lair:3   | Reached skill level 5 in Conjurations
 17403 | Lair:3   | Reached XP level 13. HP: 91/91 MP: 27/27
 17504 | Lair:3   | Reached skill level 11 in Stealth
 19401 | Lair:4   | Reached skill level 5 in Dodging
 19594 | Lair:5   | Entered Level 5 of the Lair of Beasts
 19639 | Lair:5   | Found a staircase to the Slime Pits.
 20319 | Lair:5   | Reached skill level 12 in Stealth
 20381 | Lair:5   | Gained mutation: You regenerate a little health from kills.
                  | [demonic ancestry]
 20381 | Lair:5   | Reached XP level 14. HP: 75/98 MP: 24/29
 20914 | Lair:5   | Identified the +5 rapier "Sihumel" {antimagic, *Rage *Slow
                  | rElec rF+++}
 21236 | Lair:5   | Identified the +4 sling of Ascent {venom, Int+2}
 21362 | Lair:5   | Found a shimmering blue altar of Sif Muna.
 21691 | D:11     | Found Fydighumn's Jewellery Boutique.
 21720 | D:11     | Found a runed translucent door.
 21720 | D:11     | Noticed Smersh616's ghost (journeyman OpDe)
 21973 | D:11     | Reached skill level 5 in Short Blades
 21973 | D:11     | Reached skill level 1 in Shields
 22292 | D:11     | Found a blossoming altar of Fedhas.
 22469 | D:11     | Noticed Sonja
 22481 | D:11     | Killed Sonja
 22657 | D:11     | Killed Smersh616's ghost
 22813 | D:12     | Noticed Psyche
 22815 | D:12     | Killed Psyche
 22832 | D:12     | Found a frozen archway.
 22860 | IceCv    | Entered an ice cave
 23419 | IceCv    | Identified the +11 scimitar of Frustration {vorpal, Dex+7}
 23441 | IceCv    | Reached skill level 13 in Stealth
 24346 | D:12     | Reached skill level 1 in Long Blades
 24346 | D:12     | Gained mutation: You regenerate health from kills. [demonic
                  | ancestry]
 24346 | D:12     | Reached XP level 15. HP: 83/105 MP: 17/31
 24361 | D:12     | Found a staircase to the Orcish Mines.
 25592 | D:4      | Killed middlethird's ghost
 25846 | Orc:1    | Entered Level 1 of the Orcish Mines
 25995 | Orc:1    | Learned a level 4 spell: Animate Armour
 26021 | Orc:2    | Entered Level 2 of the Orcish Mines
 26294 | Orc:2    | Reached skill level 1 in Ranged Weapons
 26557 | Orc:2    | Found Gaxiw's Antique Weapon Shoppe.
 26768 | Orc:2    | Bought a shimmering eveningstar for 720 gold pieces
 26768 | Orc:2    | Identified the +5 eveningstar of Obsession {vorpal, rF+
                  | Str+5} (You bought it in a shop on level 2 of the Orcish
                  | Mines)
 26775 | Orc:2    | Found Erche Jesou's Magic Scroll Shop.
 26865 | Orc:2    | Bought a scroll of butterflies for 48 gold pieces
 26927 | Orc:2    | Killed from afar by an orc priest

Illustrated notes

Levels and vault maps discovered:
D:1:      dpeg_arrival_tiny_k, layout_rooms,
          ebering_ecumenical_altar_sacrificial, minmay_strange_pillars,
          serial_bayou_pond_b
D:2:      layout_loops_ring, serial_shops, nicolae_shop_stone
D:3:      layout_basic, eat_drink_and_be_merry_uskayaw, grunt_decor_clamped,
          chequers_big_river, uniq_natasha
D:4:      layout_basic, gammafunk_ghost_icy, ebering_dispersal_statue_hall
D:5:      layout_cave_pools, temple_doors_e, minivault_24, minmay_misc_feat_x,
          grunt_decor_mini_mirrors, uniq_duvessa
D:6:      layout_loops_corners, minitemple, solitary_fountain,
          uniq_crazy_yiuf_cottage
D:7:      layout_loops_cross, mainiacjoe_overflow_cross_hatched,
          mainiacjoe_overflow_six_doors_small, uniq_joseph
D:8:      layout_layer_cave, kennysheep_nondescript, minivault_23
D:9:      layout_basic, uniq_prince_ribbit1
D:10:     minmay_the_grid_net [minmay_the_grid_tiny_cups,
          minmay_the_grid_armoury, minmay_the_grid_garden,
          minmay_the_grid_dragon_a, minmay_the_grid_outer_circle,
          minmay_the_grid_prize_trominoes], layout_layer_cave,
          mainiacjoe_overflow_small_starburst, lair_entry_dummy, serial_shops,
          nicolae_shop_hallway_stairs, uniq_erolcha
D:11:     layout_roguey, serial_shops, shop, hellmonk_ghost_happy_afterlife,
          fedhas_altar_2, uniq_sonja
D:12:     layout_big_octagon, david_orc_5, portal_ice_cave_entry_pillars_2,
          uniq_psyche
Temple:   nicolae_temple_bog_church
Lair:1:   layout_gridlike
Lair:2:   layout_gridlike, nicolae_spider_entry_tight_spaces,
          beast_lair_carwin_11
Lair:3:   layout_regular_city, elwin_shoals_entry_rocks,
          nicolae_volcano_entry_lava_flow, lemuel_fruit_fields,
          grunt_megastairs_1, serial_bayou_shore_a, infiniplex_staircase_pool_2,
          lemuel_fruit_tree
Lair:4:   layout_gridlike, serial_bayou_lagoon_a, guppyfry_lair_drakes
Lair:5:   grunt_lair_end_beastmaster, layout_regular_city,
          minmay_slime_entry_pillars, basic_altar, kennysheep_rathole
Orc:1:    layout_diamond_mine, basic_altar
Orc:2:    st_orc_town, layout_caves, basic_altar

Skill      XL: |  1  2  3  4  5  6  7  8  9 10 11 12 13 14 15 |
---------------+----------------------------------------------+-----
Earth Magic    | 3 4 5 6 7 8 9 10 11 | 11.9
Fighting       | 1 2 3 4 5 6 |  6.4
Stealth        | 2 3 4 5 7 9 10 12 13 | 13.1
Axes           | 1 2 4 5 |  5.2
Spellcasting   | 3 4 5 6 8 9 10 11 12 | 12.8
Dodging        | 2 3 4 5 6 |  6.2
Short Blades   | 1 2 3 4 5 |  5.1
Armour         | 1 2 3 4 |  4.9
Conjurations   | 1 3 5 6 8 |  8.3
Shields        | 1 |  1.4
Long Blades    | 1 2 |  2.0
Ranged Weapons | 1 |  1.5
Maces & Flails | |  0.7
Transmutations | |  0.8
Evocations     | |  0.2

Action                   |  1- 3 |  4- 6 |  7- 9 | 10-12 | 13-15 || total
-------------------------+-------+-------+-------+-------+-------++-------
Melee: Unarmed           |     3 |       |       |       |       ||     3
       War axe           |    29 |    24 |    38 |   107 |       ||   198
       Punch             |       |     1 |     1 |     3 |     2 ||     7
       Dagger            |       |    20 |    32 |    72 |   231 ||   355
       Scimitar          |       |       |       |       |    66 ||    66
       Eveningstar       |       |       |       |       |    30 ||    30
 Fire: Sling             |       |       |       |     2 |    50 ||    52
Throw: Dart              |       |       |       |     1 |       ||     1
 Cast: Sandblast         |    36 |    55 |   152 |    37 |       ||   280
       Stone Arrow       |       |       |       |   152 |   385 ||   537
Evoke: Wand              |       |       |       |       |     2 ||     2
  Use: Potion            |     1 |       |       |     1 |     4 ||     6
       Scroll            |       |       |    13 |     7 |    15 ||    35
 Stab: Sleeping          |     1 |     5 |     7 |     6 |    19 ||    38
       Paralysed         |       |    16 |    22 |    70 |    88 ||   196
       Distracted        |       |       |       |     1 |       ||     1
Armor: Robe              |     9 |    32 |     6 |       |    26 ||    73
       Leather armour    |       |       |    53 |   121 |   267 ||   441
Dodge: Dodged            |    40 |    43 |    82 |   144 |   344 ||   653
Block: Buckler           |       |       |       |       |    81 ||    81
